 Dungeon Crawl Stone Soup version 0.31-a0-233-g139696dc86 (webtiles) character file.

Game seed: 15915176425987674612

113 tilp the Vexing (level 4, -4/32 HPs)
             Began as a Vampire Enchanter on July 8, 2023.
             Killed by divine providence
             ... invoked by an orc priest
              (15 damage)
             ... on level 2 of the Dungeon.
             The game lasted 00:02:52 (2117 turns).

tilp the Vexing (Vampire Enchanter)                 Turns: 2117, Time: 00:02:53

Health: -4/32      AC:  2    Str:  7    XL:     4   Next: 65%
Magic:  1/8        EV: 12    Int: 19    God:
Gold:   90         SH:  0    Dex: 14    Spells: 3/8 levels left

rFire   . . .        a - +1 dagger
rCold   . . .        (no shield)
rNeg    . . .        b - +0 robe
rPois   .            (no helmet)
rElec   .            (no cloak)
rCorr   .            (no gloves)
SInv    +            (no boots)
Will    .....        (no amulet)
Stlth   +++          (no ring)
HPRegen 0.45/turn    (no ring)
MPRegen 0.11/turn

%: no passive effects
@: healing quickly
A: alive, fangs 3, see invisible, vampiric 2
a: Exsanguinate


You were on level 2 of the Dungeon.
You visited 1 branch of the dungeon, and saw 2 of its levels.

You collected 90 gold pieces.

Inventory:

Hand Weapons
 a - a +1 dagger (weapon)
Missiles
 i - 4 stones
Armour
 b - a +0 robe (worn)
Jewellery
 j - an amulet of guardian spirit
Scrolls
 h - 2 scrolls of identify
 m - a scroll of blinking
Potions
 c - 2 potions of invisibility
 d - a potion of mutation {unknown}
 e - 2 potions of curing {unknown}
 f - 2 potions of might
 g - a potion of cancellation {unknown}
 k - a potion of enlightenment {unknown}
 l - a potion of heal wounds {unknown}


   Skills:
 * Level 1.5 Fighting
 * Level 2.4 Short Blades
 + Level 2.8 Dodging
 + Level 5.0 Stealth
 * Level 2.7 Spellcasting
 + Level 5.0 Hexes


You had 3 spell levels left.
You knew the following spells:

 Your Spells              Type           Power      Damage    Failure   Level
a - Ensorcelled Hibernat  Hex/Ice        24%        N/A       9%          2
b - Confusing Touch       Hex            21%        N/A       6%          3

Your spell library contained the following spells:

 Spells                   Type           Power      Damage    Failure   Level
 Tukima's Dance           Hex            21%        N/A       6%          3
 Dazzling Flash           Conj/Hex       24%        N/A       17%         3


Dungeon Overview and Level Annotations

Branches:
Dungeon (2/15)

Altars:


Innate Abilities, Weirdness & Mutations

Your natural rate of healing is accelerated.
You have razor-sharp teeth.
You have supernaturally acute eyesight. (SInv)
You are afflicted with vampirism and can become a bat while bloodless.


Message History

You strike the helpless orc from behind!
You puncture the orc!
You kill the orc!
Unknown command.
The orc priest mumbles some strange prayers to Beogh against you.
Pain shoots through your body!
Casting: Ensorcelled Hibernation (safe; 9% risk of failure)
Confirm with . or Enter, or press ? or * to list all spells.
Aiming: Ensorcelled Hibernation (safe; 9% risk of failure)
Press: ? - help, Shift-Dir - straight line, f - orc
Aim: an orc, wielding a +0 hand axe (chance to affect: 63%)
The orc looks drowsy...
Unknown command.
The helpless orc fails to defend itself.
You impale the orc!!
You kill the orc!
Unknown command.
Casting: Ensorcelled Hibernation (safe; 9% risk of failure)
Confirm with . or Enter, or press ? or * to list all spells.
Aiming: Ensorcelled Hibernation (safe; 9% risk of failure)
Press: ? - help, Shift-Dir - straight line, f - orc priest
Aim: an orc priest, wielding a +0 club (chance to affect: 46%)
The orc priest resists with some effort.
The orc priest miscasts a cantrip.
Unknown command.
Casting: Ensorcelled Hibernation (safe; 9% risk of failure)
Confirm with . or Enter, or press ? or * to list all spells.
Aiming: Ensorcelled Hibernation (safe; 9% risk of failure)
Press: ? - help, Shift-Dir - straight line, f/p - orc priest
Aim: an orc priest, wielding a +0 club (chance to affect: 46%)
The orc priest resists with some effort.
The orc priest calls down the wrath of Beogh upon you.
Beogh smites you!
* * * LOW HITPOINT WARNING * * *
The orc priest closely misses you.
You hit the orc priest. You bite the orc priest.
The orc priest is heavily wounded.
The orc priest calls down the wrath of Beogh upon you.
Beogh smites you!
You die...

........# #..#######......
.....)..## #.## $⌠$###.....
.......... #.# ....##.....
....>..... #.#..o....#.....
.........†## #.#....o..#.....
......###..# #.#..o.o..#.....
#.......##.# #.#o......#.####
........##.#######.#.......#...>.
................@oo#.......#.###.
........##########o#..^.... #.
....<#### #......... #. #....#
#####..#....## #. #..#.#
##...........# #.
#..#.########.............# #.
...#....................... #.
...#.......................# #.
...........................# #.


You could see 2 orc priests and an orc.

Vanquished Creatures
  5 adders (D:2)
  2 worms (D:2)
  4 dart slugs (D:2)
  2 orcs (D:2)
  3 endoplasms
  A giant cockroach (D:2)
  5 goblins
  6 hobgoblins
  8 jackals
  A quokka (D:1)
  5 ball pythons
  3 bats
  A frilled lizard (D:1)
  3 kobolds (D:1)
  2 rats (D:1)
51 creatures vanquished.

Notes
Turn   | Place    | Note
-------+----------+-------------------------------------------
     0 | D:1      | tilp the Vampire Enchanter began the quest for the Orb.
     0 | D:1      | Reached XP level 1. HP: 13/13 MP: 3/3
   234 | D:1      | Reached XP level 2. HP: 20/20 MP: 5/5
   245 | D:1      | Learned a level 2 spell: Ensorcelled Hibernation
  1266 | D:2      | Gained mutation: You are afflicted with vampirism and can
                  | become a bat while bloodless. [Vampire growth]
  1266 | D:2      | Reached XP level 3. HP: 24/25 MP: 3/6
  1271 | D:2      | Reached skill level 1 in Fighting
  1278 | D:2      | Learned a level 3 spell: Confusing Touch
  1731 | D:2      | Reached XP level 4. HP: 32/32 MP: 5/7
  1898 | D:2      | Reached skill level 5 in Hexes
  2003 | D:2      | Reached skill level 5 in Stealth
  2117 | D:2      | Killed from afar by an orc priest

Illustrated notes

Levels and vault maps discovered:
D:1:      ebering_trefoil_3fold, layout_loops_corners
D:2:      cheibrodos_pilgrimage, layout_rooms, serial_shops,
          nicolae_shop_drivethru, minmay_small_reverse_x

Skill      XL: |  1  2  3  4 |
---------------+-------------+-----
Fighting       | 1 |  1.5
Short Blades   | 2 |  2.4
Hexes          | 5 |  5.0
Stealth        | 5 |  5.0
Dodging        | |  2.8
Spellcasting   | |  2.7

Action                     |  1- 3 |  4- 6 || total
---------------------------+-------+-------++-------
  Melee: Dagger            |    79 |    46 ||   125
         Bite              |     5 |     4 ||     9
   Cast: Ensorcelled Hiber |    18 |    12 ||    30
    Use: Scroll            |     5 |       ||     5
   Stab: Sleeping          |    23 |     7 ||    30
         Distracted        |       |     1 ||     1
 Armour: Robe              |    10 |     3 ||    13
  Dodge: Dodged            |    30 |    27 ||    57

Table legend: (Time is in decaauts)
 A = Elapsed time spent in this place.
 B = Non-inter-level travel time spent in this place.
 C = Inter-level travel time spent in this place.
 D = Time resting spent in this place.
 E = Time spent auto-exploring this place.
 F = Levels seen in this place.
 G = Mean time per level.
                   A        B        C        D        E       F      G
               +--------+--------+--------+--------+--------+-----+--------+
         Total |   2105 |   2034 |     71 |    410 |   1232 |   2 | 1052.5 |
       Dungeon |   2105 |   2034 |     71 |    410 |   1232 |   2 | 1052.5 |
               +--------+--------+--------+--------+--------+-----+--------+

Top non-repeatable levels by time:
     D:1: 1232 daAuts
     D:2: 873 daAuts
